 Dungeon Crawl Stone Soup version 0.31-a0-968-g24f9ace8b5 (webtiles) character file.

Game seed: 12299365087565975091

8399 Dordric the Crack Shot (level 11, -10/51 HPs)
             Began as a Kobold Hunter on Oct 27, 2023.
             Was a Priest of Hepliaklqana.
             Asphyxiated
             ... on level 10 of the Dungeon.
             The game lasted 00:09:32 (10229 turns).

Dordric the Crack Shot (Kobold Hunter)             Turns: 10229, Time: 00:09:34

Health: -10/51     AC: 12    Str:  8    XL:     11   Next: 55%
Magic:  11/11      EV: 15    Int: 19    God:    Hepliaklqana [***...]
Gold:   690        SH:  0    Dex: 22    Spells: 10/10 levels left

rFire   . . .        J - +0 arbalest
rCold   . . .        (shield currently unavailable)
rNeg    . . .        G - +7 toga "Victory" {*Victory Int+7 Slay+7 Clar}
rPois   .            M - +1 hat {SInv}
rElec   .            o - +0 cloak
rCorr   .            (no gloves)
SInv    +            F - +0 pair of boots
Will    .....        (no amulet)
Stlth   +++          (no ring)
HPRegen 0.28/turn    (no ring)
MPRegen 0.12/turn

%: clarity
@: lethally poisoned (-10 -> -35), slowed, very slow
A: reduced essence, small, no large weapons, nightstalker 3
a: Renounce Religion, Recall Ancestor, Ancestor Identity, Transference


You were on level 10 of the Dungeon.
You worshipped Hepliaklqana.
Hepliaklqana was most pleased with you.
You visited 2 branches of the dungeon, and saw 12 of its levels.
You also visited: Ossuary.

You collected 690 gold pieces.

Inventory:

Hand Weapons
 a - a +0 shortbow
 I - a +0 orcbow
 J - a +0 arbalest (weapon)
Armour
 c - a +0 leather armour
 o - a +0 cloak (worn)
 F - a +0 pair of boots (worn)
 G - the +7 toga "Victory" (worn) {*Victory Int+7 Slay+7 Clar}
   (You found it on level 7 of the Dungeon)

   *Victory:  When the wearer kills a threatening monster, it has a chance to
   gain +1 AC, +1 Slay, and +1 Int, capping at +7.
   When the wearer uses a scroll or a potion with a hostile monster in sight,
   its bonuses reset to +0.
   Unequipping it also resets its bonuses to +0.
   Int+7:     It affects your intelligence (+7).
   Slay+7:    It affects your accuracy & damage with ranged weapons and melee
   (+7).
   Clar:      It protects you from confusion, rage, mesmerisation and fear.
 M - a +1 hat of see invisible (worn)
Jewellery
 f - a ring of protection from fire
 k - a ring of wizardry
Wands
 m - a wand of roots (14)
 y - a wand of charming (20)
Scrolls
 b - a scroll of butterflies
 d - 14 scrolls of identify {unknown}
 e - a scroll of blinking {unknown}
 g - 4 scrolls of noise {unknown}
 h - 2 scrolls of fog {unknown}
 i - a scroll of teleportation {unknown}
 q - 4 scrolls of enchant weapon {unknown}
 t - a scroll of torment {unknown}
 v - a scroll of amnesia {unknown}
 x - a scroll of silence {unknown}
 A - a scroll of summoning {unknown}
 C - a scroll of enchant armour {unknown}
 E - 2 scrolls of vulnerability {unknown}
 K - a scroll of fear {unknown}
 L - a scroll of acquirement {unknown}
 O - a scroll of revelation {unknown}
Potions
 j - a potion of magic {unknown}
 l - 5 potions of degeneration {unknown}
 n - 2 potions of heal wounds {unknown}
 p - 3 potions of enlightenment {unknown}
 r - a potion of lignification {unknown}
 s - a potion of invisibility {unknown}
 u - 3 potions of brilliance {unknown}
 w - 3 potions of ambrosia {unknown}
 z - 2 potions of mutation {unknown}
 B - 5 potions of might {unknown}
 D - 2 potions of attraction {unknown}
 H - 2 potions of resistance {unknown}
 N - 2 potions of curing {unknown}


   Skills:
 - Level 2.1 Fighting
 + Level 21.8 Ranged Weapons
 - Level 2.4 Dodging
 - Level 1.3 Stealth


You had 10 spell levels left.
You didn't know any spells.
Your spell library contained the following spells:

 Spells                   Type           Power      Damage    Failure   Level
 Sandblast                Erth           0%         2d4       21%         1
 Shock                    Conj/Air       0%         1d3       21%         1
 Passwall                 Tmut/Erth      0%         N/A       30%         2
 Stone Arrow              Conj/Erth      0%         3d7       52%         3
 Swiftness                Air            0%         N/A       52%         3
 Airstrike                Air            0%         2d(0-16)  90%         4
 Brom's Barrelling Bould  Conj/Erth      0%         2d3       90%         4


Dungeon Overview and Level Annotations

Branches:
Dungeon (12/15)            Temple (1/1) D:4         Ossuary (visited)
   Lair: D:8-11         Orc: D:9-12

Altars:
Ashenzari
Cheibriados
Dithmenos
Elyvilon
Fedhas
Gozag
Hepliaklqana
Kikubaaqudgha
Makhleb
Nemelex Xobeh
Okawaru
Qazlal
Ru
Sif Muna
Trog
Vehumet
Wu Jian
Yredelemnul
Zin
The Shining One

Shops:
D:5 (   D:11 ?

Annotations:
D:3 5 runed translucent doors, Pokonic1's ghost, amateur DrSh


Innate Abilities, Weirdness & Mutations

Your life essence is reduced to manifest your ancestor. (-10% HP)
You are small and have problems with some larger weapons.
You are completely attuned to the shadows.


Message History

You feel sick.
You shoot a bolt. The bolt hits the kobold brigand!
The kobold brigand is almost dead.
You feel sick.
The kobold brigand hits you but does no damage. x2
You shoot a bolt.
The bolt hits the kobold brigand but does no damage.
The kobold brigand is almost dead.
You feel sick.
The kobold brigand hits you with a +1 dagger of speed.
The troll misses you. The troll barely misses you.
The troll claws you but does no damage.
You feel sick.
The kobold brigand attacks as it pursues you!
The kobold brigand hits you but does no damage.
You feel sick.
The kobold brigand attacks as it pursues you!
The kobold brigand barely misses you.
You feel sick.
You are no longer poisoned.
The kobold brigand attacks as it pursues you!
The kobold brigand hits you with a +1 dagger of speed.
The kobold brigand hits you but does no damage.
The kobold brigand attacks as it pursues you!
The kobold brigand hits you but does no damage.
The kobold brigand throws a curare-tipped dart.
The curare-tipped dart hits you.
You are lethally poisoned!
You have difficulty breathing.
* * * LOW HITPOINT WARNING * * *
You feel yourself slow down.
* * * LOW HITPOINT WARNING * * *
You feel extremely sick.
* * * LOW HITPOINT WARNING * * *
You feel very sick.
The kobold brigand throws a curare-tipped dart.
The curare-tipped dart hits you.
You are more poisoned.
You have difficulty breathing.
You die...

#.# #.#
#>####
#....#
##
####.#
.# #.#
.# #.#
># #.#
.# #@#
.#
#.#####
##
#.K.TT#
#####K#
####.#
!...K#
###))#
....)
###...)


You could see a kobold brigand.

Vanquished Creatures
  Gastronok (D:8)
  Maggie (D:8)
  2 kobold demonologists (D:10)
  2 trolls (D:11)
  A wraith (D:10)
  A wyvern (D:8)
  6 yaks (D:11)
  A vampire mosquito (D:11)
  Menkaure (D:5)
  An orc warrior (D:11)
  A sky beast (D:8)
  A black bear (D:7)
  2 ice beasts
  2 centaurs (D:7)
  3 ogres
  A phantom (D:6)
  Blork the orc (D:5)
  2 kobold brigands
  A gnoll sergeant (D:8)
  A bullfrog (D:8)
  3 scorpions
  2 water moccasin zombies (Ossuary)
  2 wights (D:8)
  2 jellies
  4 hounds
  6 orc priests
  2 sleepcaps
  2 iguanas
  2 orc wizards
  A hound zombie (D:3)
  2 mummies (Ossuary)
  9 gnolls
  8 adders
  A shadow imp (D:7)
  A white imp (D:5)
  2 ufetubi (D:7)
  5 adder zombies (Ossuary)
  2 worms
  26 orcs
  7 bats
  6 endoplasms
  3 giant cockroaches
  6 goblins
  4 hobgoblins
  12 jackals (D:2)
  4 quokkas
  11 ball pythons
  8 frilled lizards
  3 gnoll zombies (Ossuary)
  3 hobgoblin zombies (Ossuary)
  15 kobolds
  4 kobold zombies (Ossuary)
  4 orc zombies (Ossuary)
  A quokka zombie (D:3)
  4 rats
209 creatures vanquished.

Vanquished Creatures (collateral kills)
  A two-headed ogre (D:11)
  A cyclops (D:11)
  Grinder (D:6)
  2 vampire mosquitoes (D:11)
  A water moccasin (D:7)
  A sky beast (D:7)
  An orc warrior (D:7)
  An ice beast (D:7)
  2 centaurs (D:7)
  A kobold brigand (D:6)
  2 water moccasin zombies (Ossuary)
  3 orc wizards
  An adder (D:5)
  2 adder zombies (Ossuary)
  5 orcs
  A gnoll zombie (Ossuary)
  3 kobolds
  An orc zombie (Ossuary)
30 creatures vanquished.

Vanquished Creatures (others)
  A human (D:6)
  A knight (D:10)
  An ancestor (Ossuary)
3 creatures vanquished.

Grand Total: 242 creatures vanquished

Notes
Turn   | Place    | Note
-------+----------+-------------------------------------------
     0 | D:1      | Dordric the Kobold Hunter began the quest for the Orb.
     0 | D:1      | Reached XP level 1. HP: 12/12 MP: 1/1
   238 | D:1      | Reached XP level 2. HP: 17/17 MP: 2/2
   275 | D:1      | Reached skill level 6 in Ranged Weapons
   738 | D:1      | Reached XP level 3. HP: 21/21 MP: 3/3
  1156 | D:2      | Identified the +2 ring mail of the Original Sin {Dex+3}
  1410 | D:2      | Found a faded altar of an unknown god.
  1469 | D:2      | Reached skill level 7 in Ranged Weapons
  1484 | D:2      | Reached XP level 4. HP: 17/26 MP: 4/4
  1851 | D:2      | Reached XP level 5. HP: 30/30 MP: 5/5
  2469 | D:3      | Found a runed translucent gate.
  2470 | D:3      | Found a runed translucent gate.
  2470 | D:3      | Noticed Pokonic1's ghost (amateur DrSh)
  2471 | D:3      | Found a runed translucent gate.
  2472 | D:3      | Found a basalt altar of Yredelemnul.
  2487 | D:3      | Reached skill level 8 in Ranged Weapons
  2561 | D:3      | Found a large runed translucent door.
  2562 | D:3      | Found a large runed translucent door.
  2862 | D:3      | Found a glowing golden altar of the Shining One.
  2984 | D:4      | Found a bloodstained altar of Trog.
  3105 | D:4      | Noticed an ogre
  3115 | D:4      | Killed an ogre
  3116 | D:4      | Reached skill level 9 in Ranged Weapons
  3116 | D:4      | Reached XP level 6. HP: 18/35 MP: 6/6
  3787 | D:4      | Found a staircase to the Ecumenical Temple.
  3788 | D:4      | Noticed an ogre
  3794 | D:4      | Killed an ogre
  3795 | D:4      | Reached skill level 10 in Ranged Weapons
  3795 | D:4      | Reached XP level 7. HP: 21/40 MP: 7/7
  3870 | Temple   | Entered the Ecumenical Temple
  3882 | Temple   | Became a worshipper of Hepliaklqana the Forgotten
  3920 | D:4      | HP: 2/40 [poisoned by a gnoll]
  4399 | D:5      | Entered Level 5 of the Dungeon
  4410 | D:5      | Found an ornate altar of the Wu Jian Council.
  4535 | D:5      | Found Logreschucet's Weapon Emporium.
  4578 | D:5      | Found a shadowy altar of Dithmenos.
  4778 | D:5      | Noticed Menkaure
  4783 | D:5      | Killed Menkaure
  4784 | D:5      | Reached skill level 11 in Ranged Weapons
  4811 | D:5      | Found a radiant altar of Vehumet.
  5074 | D:5      | Noticed Blork the orc
  5083 | D:5      | Killed Blork the orc
  5111 | D:5      | Reached XP level 8. HP: 32/44 MP: 8/8
  5164 | D:5      | Reached * piety under Hepliaklqana
  5288 | D:5      | Reached skill level 12 in Ranged Weapons
  5646 | D:5      | Reached skill level 13 in Ranged Weapons
  5919 | D:6      | Identified the +4 long sword of the Wolf {freeze, rF+
                  | Will+}
  5930 | D:6      | Found a sand-covered staircase.
  5936 | Ossuary  | Entered an ossuary
  6095 | Ossuary  | Reached skill level 14 in Ranged Weapons
  6162 | D:6      | Reached XP level 9. HP: 43/43 MP: 9/9
  6284 | D:6      | Noticed Grinder
  6294 | D:6      | Killed Grinder
  6338 | D:6      | Reached skill level 15 in Ranged Weapons
  6672 | D:6      | Found a sparkling altar of Nemelex Xobeh.
  6697 | D:6      | Reached ** piety under Hepliaklqana
  7104 | D:6      | Found an ancient bone altar of Kikubaaqudgha.
  7174 | D:6      | Reached skill level 16 in Ranged Weapons
  7472 | D:7      | Remembered your ancestor Nammahani as a knight
  7857 | D:7      | Reached skill level 17 in Ranged Weapons
  8070 | D:7      | Found an iron altar of Okawaru.
  8070 | D:7      | Found a runed translucent door.
  8182 | D:7      | Reached XP level 10. HP: 35/47 MP: 10/10
  8358 | D:7      | Found the +0 toga "Victory" {*Victory Clar}
  8734 | D:8      | Found a stormy altar of Qazlal.
  8737 | D:8      | Reached skill level 18 in Ranged Weapons
  8800 | D:8      | Noticed Gastronok
  8815 | D:8      | Killed Gastronok
  8816 | D:8      | Reached skill level 19 in Ranged Weapons
  8950 | D:8      | Noticed Maggie
  8960 | D:8      | Killed Maggie
  9083 | D:8      | You fall into a shaft and drop 3 floors!
  9103 | D:11     | Noticed a cyclops
  9133 | D:11     | Killed a cyclops
  9134 | D:11     | Reached skill level 20 in Ranged Weapons
  9134 | D:11     | Reached XP level 11. HP: 14/51 MP: 11/11
  9364 | D:11     | Found Seaxt's Magic Scroll Emporium.
  9566 | D:11     | Reached skill level 21 in Ranged Weapons
  9702 | D:11     | Noticed a two-headed ogre
  9705 | D:11     | Killed a two-headed ogre
 10070 | D:12     | Reached *** piety under Hepliaklqana
 10089 | D:10     | Entered Level 10 of the Dungeon
 10138 | D:10     | Found a shimmering blue altar of Sif Muna.
 10229 | D:10     | HP: 1/51 [poisoned by a kobold brigand (curare-tipped
                  | dart)]
 10229 | D:10     | Asphyxiated

Illustrated notes

Levels and vault maps discovered:
D:1:      elethiomel_arrival_maze, layout_basic, minmay_tetromino_s4
D:2:      minmay_wonky_spiral, layout_basic,
          shapermc_ecumenical_altar_mp_ritualfount,
          nicolae_concentric_dashed_squares_mild, minmay_cut_off
D:3:      layout_rooms, tso_oasis_becter, nicolae_yredelemnul_ghost_church,
          ebering_ghost_disaster_area
D:4:      layout_loops_cross, trog_butcher_becter, minmay_temple_entry_hall
D:5:      minmay_diamond_boxcup, layout_loops_corners, nicolae_vehumet_radiance,
          mainiacjoe_overflow_alcove_1, grunt_dithmenos_smoke, serial_shops,
          shop, portal_sewer_entry_a, wad_floor_pattern_1, uniq_blork_the_orc,
          uniq_menkaure, uniq_crazy_yiuf_cottage
D:6:      layout_gridville, tgw_kikubaaqudgha, nemelex_diamond_rough_becter,
          nicolae_ossuary_entry_plus, minmay_unpleasant_kobolds, uniq_grinder
D:7:      layout_basic, nicolae_overflow_guarded_unrand_okawaru_victory
D:8:      layout_basic, nicolae_qazlal_beasts_of_the_sky,
          nicolae_uskayaw_dance_studio, david_lair_generic, st_stairs_9,
          uniq_maggie, uniq_gastronok
D:10:     layout_loops_ring, amcnicky_altar_gilded, overflow_temple_1_default,
          zombieorc2_lemuel, minmay_shattered_shrine
D:11:     layout_loops_ring, serial_shops, shop
D:12:     layout_loops_ring, serial_bayou_pond_b, uniq_lodul, uniq_nergalle,
          uniq_snorg
Temple:   hellmonk_temple_forest_ring

Skill      XL: |  1  2  3  4  5  6  7  8  9 10 11 |
---------------+----------------------------------+-----
Ranged Weapons | 6 7 9 10 11 14 17 20 21 | 21.8
Fighting       | |  2.1
Dodging        | |  2.4
Stealth        | |  1.3

Action                     |  1- 3 |  4- 6 |  7- 9 | 10-12 || total
---------------------------+-------+-------+-------+-------++-------
   Fire: Shortbow          |    71 |   177 |   381 |    14 ||   643
         Arbalest          |       |       |       |   131 ||   131
 Invoke: Ancestor Life: Kn |       |       |     1 |       ||     1
         Recall Ancestor   |       |       |       |     1 ||     1
 Armour: Leather armour    |    26 |    40 |    53 |     5 ||   124
         Robe              |       |       |       |    38 ||    38
  Dodge: Dodged            |    41 |    64 |    70 |    44 ||   219

Table legend: (Time is in decaauts)
 A = Elapsed time spent in this place.
 B = Non-inter-level travel time spent in this place.
 C = Inter-level travel time spent in this place.
 D = Time resting spent in this place.
 E = Time spent auto-exploring this place.
 F = Levels seen in this place.
 G = Mean time per level.
                   A        B        C        D        E       F      G
               +--------+--------+--------+--------+--------+-----+--------+
         Total |  10172 |   9784 |    388 |    420 |   8134 |  13 |  782.5 |
       Dungeon |   9971 |   9587 |    384 |    420 |   8055 |  11 |  906.5 |
        Temple |     20 |     16 |      4 |      0 |      0 |   1 |   20.0 |
       Ossuary |    180 |    180 |      0 |      0 |     79 |   1 |  180.0 |
               +--------+--------+--------+--------+--------+-----+--------+

Top non-repeatable levels by time:
     D:5: 1487 daAuts
     D:4: 1411 daAuts
     D:7: 1247 daAuts
     D:6: 1222 daAuts
     D:2: 1158 daAuts
     D:1: 1156 daAuts
    D:11: 1004 daAuts
     D:3: 667 daAuts
     D:8: 474 daAuts
 Ossuary: 180 daAuts
    D:10: 140 daAuts
  Temple: 20 daAuts
    D:12: 1 daAuts
